 Dungeon Sprint DCSS version 0.28-a0-1510-gd0f6b136d3 (webtiles) character file.

Game seed: 8735670337048852558

227840 mhtbhm the Minotaur Barricade (level 18, -4/200 HPs)
             Began as a Minotaur Fighter on Jan 15, 2022.
             Was the Champion of Qazlal.
             Killed by divine providence
             ... invoked by a daeva
              (11 damage)
             ... in the Dungeon (Sprint VII: "The Pits").
             The game lasted 00:30:32 (12431 turns).

mhtbhm the Minotaur Barricade (Minotaur Fighter)   Turns: 12431, Time: 00:30:33

Health: -4/200     AC: 53    Str: 29    XL:     18   Next: 69%
Magic:  23/30      EV: 19    Int: 11    God:    Qazlal [******]
Gold:   32         SH: 43    Dex: 15    Spells: 17/17 levels left

rFire   + + +      SeeInvis .   a - +11 broad axe (flame)
rCold   + + +      Faith    .   c - +5 tower shield of Qyum {rF+}
rNeg    + + +      Spirit   .   b - +14 gold dragon scales
rPois   +          Reflect  +   O - +2 hat "Etais" {rElec rN+ Will+ Int+3}
rElec   +          Harm     .   K - +0 cloak "Rot Agun" {rCorr Dex-3 Stlth+}
rCorr   +          Rampage  +   L - +1 pair of gloves
Will    +++..      NoTele   +   J - +0 pair of boots {rampage}
Stlth   ..........              S - amulet "Ylixas" {Reflect rF+ rN++ Int+3 SH+5}
HPRegen 0.43/turn               Z - ring of the Establishment {rC++ Will+ Dex+6}
MPRegen 0.22/turn               z - ring "Utwoadgh" {rElec rF+ rN+ Dex+4}

@: protected from physical damage, glowing, studying Stealth, repel missiles
A: horns 2, retaliatory headbutt, clumsy 1, low mp 1
}: 1/3 runes: iron
a: Renounce Religion, Upheaval, Elemental Force, Disaster Area


You were in the Dungeon.
You worshipped Qazlal.
Qazlal was exalted by your worship.
You visited 1 branch You collected 32 gold pieces.

Inventory:

Hand Weapons
 a - a +11 broad axe of flaming (weapon)
 k - the +8 glaive of the Guard {elec, spectral, AC+5}
   (You found it in the Dungeon)

   It occasionally discharges a powerful burst of electricity upon striking a
   foe.
   When it strikes, its spirit leaps out and fights alongside the wielder.
   AC:        It affects your AC (+5).
 H - a +3 vampiric demon blade
 I - a +5 broad axe
 P - the +9 sword of Zonguldrok {reap}
   (You found it in the Dungeon)

   Any living foe damaged by it may be reanimated upon death as a zombie
   friendly to the wielder, with an increasing chance as more damage is dealt.
Missiles
 t - a silver javelin
 u - a curare-tipped dart
 C - 4 atropa-tipped darts
Armour
 b - +14 gold dragon scales (worn)
 c - the +5 tower shield of Qyum (worn) {rF+}
   (You took it off a daeva in the Dungeon)

   rF:        It protects you from fire.
 i - the +10 gold dragon scales of Untold Secrets {-Tele rPois rF+ rC+ Will+++ Str+4 Dex+4}
   (You found it in the Dungeon)

   Str:       It affects your strength (+4).
   Dex:       It affects your dexterity (+4).
   rF:        It protects you from fire.
   rC:        It protects you from cold.
   rPois:     It protects you from poison.
   -Tele:     It prevents most forms of teleportation.
   Will:      It greatly increases your willpower.
 q - the +8 tower shield "Qacsesh" {Harm rElec rC- Int+5}
   (You found it in the Dungeon)

   Int:       It affects your intelligence (+5).
   rC:        It makes you vulnerable to cold.
   rElec:     It insulates you from electricity.
   Harm:      It increases damage dealt and taken.
 J - a +0 pair of boots of rampaging (worn)
 K - the +0 cloak "Rot Agun" (worn) {rCorr Dex-3 Stlth+}
   (You found it in the Dungeon)

   Dex:       It affects your dexterity (-3).
   rCorr:     It protects you from acid and corrosion.
   Stlth:     It makes you more stealthy.
 L - a +1 pair of gloves (worn)
 O - the +2 hat "Etais" (worn) {rElec rN+ Will+ Int+3}
   (You found it in the Dungeon)

   Int:       It affects your intelligence (+3).
   rElec:     It insulates you from electricity.
   rN:        It protects you from negative energy.
   Will:      It increases your willpower.
Jewellery
 n - the ring "Opreg" {+Blink rElec AC+6 Stlth+}
   (You found it in the Dungeon)

   [ring of protection]

   AC:        It affects your AC (+6).
   rElec:     It insulates you from electricity.
   +Blink:    It lets you blink.
   Stlth:     It makes you more stealthy.
 y - the ring of Arrival {Fly rElec Str+9 Int+2 Dex-4}
   (You found it in the Dungeon)

   [ring of flight]

   Str:       It affects your strength (+9).
   Int:       It affects your intelligence (+2).
   Dex:       It affects your dexterity (-4).
   rElec:     It insulates you from electricity.
   Fly:       It grants you flight.
 z - the ring "Utwoadgh" (right hand) {rElec rF+ rN+ Dex+4}
   (You found it in the Dungeon)

   [ring of positive energy]

   Dex:       It affects your dexterity (+4).
   rF:        It protects you from fire.
   rElec:     It insulates you from electricity.
   rN:        It protects you from negative energy.
 B - the amulet of the Slug {RegenMP Rampage Fragile rN+ Int+9}
   (You found it in the Dungeon)

   [amulet of magic regeneration]

   It increases your rate of magic regeneration.
   Int:       It affects your intelligence (+9).
   rN:        It protects you from negative energy.
   Fragile:   It will be destroyed if unequipped.
   Rampage:   It bestows one free step when moving towards enemies.
 G - the ring of Deastuet {rPois Str+6 Int+3 Dex+2}
   (You found it in the Dungeon)

   [ring of strength]

   Str:       It affects your strength (+6).
   Int:       It affects your intelligence (+3).
   Dex:       It affects your dexterity (+2).
   rPois:     It protects you from poison.
 Q - the amulet "Mipest" {rN++ Will- Regen+ Dex+4 Stlth+}
   (You found it in the Dungeon)

   [amulet of regeneration]

   Dex:       It affects your dexterity (+4).
   rN:        It greatly protects you from negative energy.
   Regen:     It increases your rate of health regeneration.
   Will:      It decreases your willpower.
   Stlth:     It makes you more stealthy.
 R - the ring of Greed {+Blink Slay+5 SInv}
   (You found it in the Dungeon)

   [ring of slaying]

   Slay:      It affects your accuracy & damage with ranged weapons and melee
   (+5).
   SInv:      It lets you see invisible.
   +Blink:    It lets you blink.
 S - the amulet "Ylixas" (around neck) {Reflect rF+ rN++ Int+3 SH+5}
   (You found it in the Dungeon)

   [amulet of reflection]

   It reflects blocked missile attacks.
   Int:       It affects your intelligence (+3).
   rF:        It protects you from fire.
   rN:        It greatly protects you from negative energy.
   SH:        It affects your SH (+5).
 T - the amulet "Houmpyd" {Reflect rC+ SH+5}
   (You found it in the Dungeon)

   [amulet of reflection]

   It reflects blocked missile attacks.
   rC:        It protects you from cold.
   SH:        It affects your SH (+5).
 U - the ring "Named" {rElec rF+ rCorr Str-3 Int+5}
   (You found it in the Dungeon)

   [ring of protection from fire]

   Str:       It affects your strength (-3).
   Int:       It affects your intelligence (+5).
   rF:        It protects you from fire.
   rElec:     It insulates you from electricity.
   rCorr:     It protects you from acid and corrosion.
 V - the ring of Makhleb's Envy {rElec Dex+6 Slay+2 SInv}
   (You found it in the Dungeon)

   [ring of see invisible]

   Dex:       It affects your dexterity (+6).
   Slay:      It affects your accuracy & damage with ranged weapons and melee
   (+2).
   rElec:     It insulates you from electricity.
   SInv:      It lets you see invisible.
 W - the amulet "Ungiek" {Reflect Str+4 Int-3 Dex+4 SH+5}
   (You found it in the Dungeon)

   [amulet of reflection]

   It reflects blocked missile attacks.
   Str:       It affects your strength (+4).
   Int:       It affects your intelligence (-3).
   Dex:       It affects your dexterity (+4).
   SH:        It affects your SH (+5).
 X - the amulet "Xuliano" {RegenMP rCorr Dex+3}
   (You found it in the Dungeon)

   [amulet of magic regeneration]

   It increases your rate of magic regeneration.
   Dex:       It affects your dexterity (+3).
   rCorr:     It protects you from acid and corrosion.
 Z - the ring of the Establishment (left hand) {rC++ Will+ Dex+6}
   (You found it in the Dungeon)

   [ring of dexterity]

   Dex:       It affects your dexterity (+6).
   rC:        It greatly protects you from cold.
   Will:      It increases your willpower.
Wands
 o - a wand of flame (9)
Scrolls
 l - 5 scrolls of amnesia
 m - 3 scrolls of identify
 s - 4 scrolls of enchant weapon
 v - 2 scrolls of fear
 w - 8 scrolls of enchant armour
Potions
 d - a potion of might
 e - 3 potions of curing
 g - 8 potions of haste
 h - 7 potions of magic
 p - 5 potions of brilliance
 x - 5 potions of resistance
 A - 2 potions of mutation
Miscellaneous
 f - the horn of Geryon (inert) (quivered)
 r - a tin of tremorstones (2/2)
 D - a lightning rod (4/4)
 E - a piece from Xom's chessboard (15/15)
 F - a phantom mirror


   Skills:
 O Level 27 Fighting
 O Level 27 Axes
 + Level 16.1 Throwing
 O Level 27 Armour
 O Level 27 Dodging
 - Level 10.1 Stealth
 O Level 27 Shields
 O Level 27 Invocations
 + Level 23.4 Evocations


You had 17 spell levels left.
You didn't know any spells.
Your spell library contained the following spells:

 Spells                   Type           Power      Damage    Failure   Level
 Animate Skeleton         Necr           0%         N/A       89%         1
 Apportation              Tloc           0%         N/A       89%         1
 Summon Small Mammal      Summ           0%         N/A       89%         1
 Blink                    Tloc           0%         N/A       96%         2
 Corpse Rot               Necr/Air       0%         N/A       96%         2
 Ensorcelled Hibernation  Hex/Ice        0%         N/A       96%         2
 Poisonous Vapours        Pois/Air       0%         N/A       96%         2
 Scorch                   Fire           0%         2d5       96%         2
 Static Discharge         Conj/Air       0%         N/A       96%         2
 Sublimation of Blood     Necr           0%         N/A       96%         2
 Wereblood                Tmut           0%         N/A       96%         2
 Call Canine Familiar     Summ           0%         N/A       99%         3
 Dazzling Flash           Conj/Hex       0%         N/A       99%         3
 Portal Projectile        Hex/Tloc       0%         N/A       99%         3
 Anguish                  Hex/Necr       0%         N/A       100%        4
 Dispel Undead            Necr           0%         3d6       100%        4
 Flame Wave               Conj/Fire      0%         2d4       100%        4
 Fulminant Prism          Conj/Hex       0%         3d6       100%        4
 Ice Form                 Ice/Tmut       0%         N/A       100%        4
 Iskenderun's Mystic Bla  Conj/Tloc      0%         2d3       100%        4
 Leda's Liquefaction      Hex/Erth       0%         N/A       100%        4
 Olgreb's Toxic Radiance  Pois           0%         N/A       100%        4
 Sticky Flame             Conj/Fire      0%         2d3       100%        4
 Summon Ice Beast         Ice/Summ       0%         N/A       100%        4
 Lee's Rapid Deconstruct  Erth           0%         3d5*      100%        5
 Manifold Assault         Tloc           0%         N/A       100%        5
 Summon Mana Viper        Hex/Summ       0%         N/A       100%        5
 Yara's Violent Unravell  Hex/Tmut       0%         3d3       100%        5
 Eringya's Noxious Bog    Tmut/Pois      0%         N/A       100%        6
 Starburst                Conj/Fire      0%         6d3       100%        6
 Summon Cactus Giant      Summ           0%         N/A       100%        6
 Monstrous Menagerie      Summ           0%         N/A       100%        7
 Ozocubu's Refrigeration  Ice            0%         4d5       100%        7
 Storm Form               Tmut/Air       0%         N/A       100%        7
 Summon Hydra             Summ           0%         N/A       100%        7
 Ignition                 Fire           0%         3d3       100%        8


Dungeon Overview and Level Annotations

Branches:
Dungeon (1/1)

Altars:
Ashenzari
Cheibriados
Dithmenos
Elyvilon
Fedhas
Gozag
Hepliaklqana
Kikubaaqudgha
Makhleb
Nemelex Xobeh
Okawaru
Qazlal
Ru
Sif Muna
Trog
Uskayaw
Vehumet
Wu Jian
Xom
Yredelemnul
Zin
The Shining One
Beogh
Jiyva
Lugonu


Innate Abilities, Weirdness & Mutations

You have a pair of horns on your head.
You reflexively headbutt those who attack you in melee.
You are clumsy. (Dex -2)
Your magical capacity is low. (-10% MP)


Message History

* * * LOW HITPOINT WARNING * * *
A cherub comes into view. It is wielding a +2 flail of flaming.
The daeva calls down the wrath of the Shining One upon you.
The Shining One smites you!
* * * LOW HITPOINT WARNING * * *
A cherub comes into view.
It is wielding a +0 scimitar of flaming.
You hear a low.
Unknown command.
You feel much better.
The cherub goes into a battle-frenzy!
The daeva calls down the wrath of the Shining One upon you.
The Shining One smites you!
* * * LOW HITPOINT WARNING * * *
Your hell beast is engulfed in blazing flames.
The daeva calls down the wrath of the Shining One upon you.
The Shining One smites you!
* * * LOW HITPOINT WARNING * * *
You hear a shout!
Unknown command.
The cherub unwields a +2 flail of flaming.
It stops flaming.
The cherub wields a +0 longbow.
The cherub shoots an arrow.
The arrow closely misses your hell beast.
You reflect the arrow off an invisible shield around you!
The arrow completely misses your hell beast.
The arrow hits the cherub.
The daeva blocks your hell beast's attack.
Your hell beast tramples the daeva!
The daeva is shoved backwards!
You feel better.
A daeva comes into view.
It is wielding a +3 eudemon blade of holy wrath.
The cherub shoots an arrow.
The arrow hits your hell beast!
The daeva calls down the wrath of the Shining One upon you.
The Shining One smites you!
* * * LOW HITPOINT WARNING * * *
Unknown command.
You feel better.
You hear a low.
Your hell beast is struck by lightning.
Your hell beast is smitten.
The daeva calls down the wrath of the Shining One upon you.
The Shining One smites you!
You die... ########## A≈...≈)≈# ≈...≈?.# )A.≈.[# AA2)

################2######
...............≈2○.≈≈.#
...........≈.≈○§@.≈≈≈≈#
#####################'#
##### ### ### ### #'#
.'#.###.###.###.#####.#
##...'...#...'...).##'#
###.###.###.###.#####.#
'.#[#.##'.##'.###.###'#
...#...#[.)#.).#...##.#
#.###.'##.'##.##'.# #'#


You could see a daeva (strong), 2 cherubim and 3 friendly hell beasts.

Vanquished Creatures
  Antaeus (D)
  Gloorx Vloq (D)
  2 orbs of fire (D)
  2 ancient liches (D)
  Khufu (D)
  Mara (D)
  5 royal mummies (D)
  6 pandemonium lords (D)
  A Killer Klown (D)
  Geryon (D)
  2 curse toes (D)
  A profane servitor (D)
  A bone dragon (D)
  3 pearl dragons (D)
  2 Tzitzimimeh (D)
  4 Brimstone Fiends (D)
  An electric golem (D)
  A hellephant (D)
  An Ice Fiend (D)
  2 titans (D)
  4 liches (D)
  2 deep elf blademasters (D)
  2 quicksilver dragons (D)
  2 deep elf master archers (D)
  A death cob (D)
  A sphinx (D)
  4 shadow dragons (D)
  A storm dragon (D)
  2 nagarajas (D)
  2 draconian monks (D)
  28 daevas (D)
  2 azure jellies (D)
  A fire giant (D)
  A draconian scorcher (D)
  A frost giant (D)
  2 orc warlords (D)
  A deep elf sorcerer (D)
  2 draconian stormcallers (D)
  2 ghost moths (D)
  A balrug (D)
  3 reapers (D)
  22 angels (D)
  A spriggan defender (D)
  A ghoul (D)
  2 draconian annihilators (D)
  2 deep elf demonologists (D)
  An apis (D)
  3 deep elf annihilators (D)
  A green draconian (D)
  A red draconian (D)
  2 purple draconians (D)
  A dire elephant (D)
  2 yellow draconians (D)
  2 deep elf death magi (D)
  4 blizzard demons (D)
  3 green deaths (D)
  A merfolk javelineer (D)
  A fire dragon (D)
  5 deep elf high priests (D)
  Josephine (D)
  An ice dragon (D)
  A yaktaur captain (D)
  A vault guard (D)
  A naga warrior (D)
  A centaur warrior (D)
  3 hell beasts (D)
  An anaconda (D)
  A merfolk avatar (D)
  A death knight (D)
  4 hell hogs (D)
  A dancing weapon (D)
  A vampire mage (D)
  2 spriggan berserkers (D)
  5 deep elf knights (D)
  A soul eater (D)
  A fire crab (D)
  A shadow wraith (D)
  2 sixfirhies (D)
  2 spriggan druids (D)
  13 cherubim (D)
  A deep troll (D)
  11 orc knights (D)
  2 wizards (D)
  A deep elf zephyrmancer (D)
  2 wolf spiders (D)
  An orc sorcerer (D)
  2 manticores (D)
  2 moths of wrath (D)
  2 elephants (D)
  A black mamba (D)
  A naga mage (D)
  2 orange demons (D)
  A hellion (D)
  A cane toad (D)
  A komodo dragon (D)
  4 kobold demonologists (D)
  A rime drake (shapeshifter) (D)
  3 efreet (D)
  2 rime drakes (D)
  A tormentor (D)
  A freezing wraith (D)
  2 ice devils (D)
  2 merfolk (D)
  A wandering mushroom (D)
  A guardian mummy (D)
  A tarantella (shapeshifter) (D)
  3 blink frogs (D)
  A snapping turtle (D)
  2 tarantellas (D)
  An air elemental (D)
  A vampire (D)
  2 shadows (D)
  A wyvern (D)
  A ynoxinul (D)
  6 wraiths (D)
  A spriggan (D)
  A fire elemental (D)
  A neqoxec (D)
  2 vampire mosquitoes (D)
  3 redbacks (D)
  A steam dragon (D)
  A chaos spawn (D)
  A small abomination (D)
  5 hell hounds (D)
  A floating eye (D)
  An orc warrior (D)
  An ice beast (D)
  A black bear (D)
  A sky beast (D)
  3 ogres (D)
  Pargi (D)
  2 necrophages (D)
  9 wolves (D)
  A centaur (D)
  A phantom (D)
  6 kobold brigands (D)
  A bullfrog (D)
  3 scorpions (D)
  A killer bee (D)
  A jelly (D)
  2 orc priests (D)
  4 orc wizards (D)
  A hell rat (D)
  2 mummies (D)
  A gnoll (D)
  2 adders (D)
  A river rat (D)
  A white imp (D)
  2 ufetubi (D)
  An adder skeleton (D)
  11 orcs (D)
  An endoplasm (D)
  6 jackals (D)
  6 kobolds (D)
  A ball python skeleton (D)
  A ball python zombie (D)
  2 frilled lizards (D)
  2 rats (D)
369 creatures vanquished.

Vanquished Creatures (collateral kills)
  A royal mummy (D)
  the Lernaean hydra (D)
  A dancing weapon (D)
3 creatures vanquished.

Vanquished Creatures (others)
  Frederick (D)
  An orc warlord (D)
  A hydra (D)
  A wizard (D)
  A gargoyle (D)
  A wandering mushroom (D)
  A jelly (D)
7 creatures vanquished.

Grand Total: 379 creatures vanquished

Notes
Turn   | Place    | Note
-------+----------+-------------------------------------------
     0 | D        | mhtbhm the Minotaur Fighter began the quest for the Orb.
     0 | D        | Reached XP level 1. HP: 19/19 MP: 0/0
    11 | D        | Noticed a vampire mosquito
    12 | D        | Noticed a vampire mosquito
    38 | D        | Found a bloodstained altar of Trog.
    38 | D        | Found a shimmering blue altar of Sif Muna.
    38 | D        | Found a viscous altar of Jiyva.
    38 | D        | Found a hazy altar of Hepliaklqana.
    38 | D        | Found an opulent altar of Gozag.
    39 | D        | Found a glowing golden altar of the Shining One.
    39 | D        | Found a glowing silver altar of Zin.
    39 | D        | Found a basalt altar of Yredelemnul.
    39 | D        | Found a shimmering altar of Xom.
    39 | D        | Found an ornate altar of the Wu Jian Council.
    39 | D        | Found a sacrificial altar of Ru.
    39 | D        | Found a stormy altar of Qazlal.
    39 | D        | Found an iron altar of Okawaru.
    39 | D        | Found a sparkling altar of Nemelex Xobeh.
    39 | D        | Found a burning altar of Makhleb.
    39 | D        | Found a blossoming altar of Fedhas.
    39 | D        | Found a white marble altar of Elyvilon.
    39 | D        | Found a shadowy altar of Dithmenos.
    39 | D        | Found a snail-covered altar of Cheibriados.
    42 | D        | Found a corrupted altar of Lugonu.
    42 | D        | Found a radiant altar of Vehumet.
    43 | D        | Found an ancient bone altar of Kikubaaqudgha.
    43 | D        | Found a hide-covered altar of Uskayaw.
    43 | D        | Found a broken altar of Ashenzari.
    46 | D        | Became a worshipper of Qazlal Stormbringer
    92 | D        | Reached XP level 2. HP: 23/28 MP: 1/1
   168 | D        | Reached * piety under Qazlal
   169 | D        | Reached skill level 5 in Armour
   172 | D        | Reached skill level 5 in Fighting
   172 | D        | Reached skill level 5 in Shields
   172 | D        | Reached XP level 3. HP: 23/36 MP: 2/2
   282 | D        | Noticed a scorpion
   293 | D        | Killed a scorpion
   294 | D        | Reached skill level 5 in Axes
   294 | D        | Reached skill level 1 in Dodging
   294 | D        | Reached XP level 4. HP: 26/44 MP: 3/3
   426 | D        | Reached ** piety under Qazlal
   489 | D        | Noticed a black bear
   496 | D        | Reached *** piety under Qazlal
   497 | D        | Noticed a sky beast
   501 | D        | Killed a black bear
   502 | D        | Reached XP level 5. HP: 29/52 MP: 4/4
   531 | D        | Killed a sky beast
   532 | D        | Reached XP level 6. HP: 22/61 MP: 5/5
   533 | D        | Noticed Pargi
   533 | D        | Reached **** piety under Qazlal
   540 | D        | Killed Pargi
   777 | D        | Noticed a cane toad
   799 | D        | Killed a cane toad
   800 | D        | Reached skill level 10 in Axes
   800 | D        | Reached skill level 10 in Armour
   800 | D        | Reached XP level 7. HP: 17/70 MP: 6/6
  1053 | D        | Reached ***** piety under Qazlal
  1065 | D        | Noticed a wizard
  1065 | D        | Noticed a shadow
  1072 | D        | Reached skill level 1 in Invocations
  1080 | D        | Killed a shadow
  1090 | D        | Killed a wizard
  1091 | D        | Reached XP level 8. HP: 47/79 MP: 6/9
  1324 | D        | Noticed an anaconda
  1324 | D        | Noticed an air elemental
  1325 | D        | Noticed a merfolk avatar
  1325 | D        | Noticed a +2 war axe of freezing
  1326 | D        | Noticed a culicivora
  1327 | D        | Reached skill level 10 in Fighting
  1327 | D        | Reached skill level 10 in Shields
  1328 | D        | Noticed a sixfirhy
  1328 | D        | a culicivora changed into something unseen
  1329 | D        | Noticed a black mamba
  1331 | D        | Noticed a wandering mushroom
  1331 | D        | Noticed a centaur warrior
  1332 | D        | Killed a +2 war axe of freezing
  1333 | D        | Reached skill level 5 in Invocations
  1333 | D        | Noticed a six-headed hydra
  1334 | D        | Paralysed by an air elemental for 1 turns
  1335 | D        | Killed an anaconda
  1335 | D        | Reached ****** piety under Qazlal
  1335 | D        | Noticed a fire crab
  1335 | D        | a black mamba changed into a fire crab
  1336 | D        | Reached XP level 9. HP: 12/86 MP: 1/12
  1338 | D        | Paralysed by an air elemental for 1 turns
  1339 | D        | Noticed a green draconian
  1343 | D        | Killed a sixfirhy
  1349 | D        | Killed an 11-headed hydra
  1350 | D        | Reached skill level 1 in Stealth
  1351 | D        | Noticed a gargoyle
  1352 | D        | Killed a merfolk avatar
  1353 | D        | Reached skill level 5 in Dodging
  1353 | D        | Killed a gargoyle
  1354 | D        | Reached XP level 10. HP: 32/97 MP: 3/14
  1354 | D        | Noticed a fire crab
  1358 | D        | Killed a centaur warrior
  1359 | D        | Reached skill level 15 in Armour
  1366 | D        | Killed a shadow wraith
  1370 | D        | Killed a green draconian
  1370 | D        | Noticed a hell hog
  1371 | D        | Reached skill level 5 in Stealth
  1371 | D        | Paralysed by an air elemental for 1 turns
  1373 | D        | Noticed a hell hog
  1377 | D        | Killed a hell hog
  1378 | D        | Reached skill level 15 in Axes
  1379 | D        | Killed a hell hog
  1380 | D        | Reached XP level 11. HP: 41/106 MP: 8/17
  1382 | D        | Noticed a hell hog
  1647 | D        | Noticed a hell hog
  1654 | D        | Killed a hell hog
  1655 | D        | Killed a hell hog
  1656 | D        | Reached skill level 10 in Invocations
  1965 | D        | Killed a fire crab
  2100 | D        | Noticed a deep troll
  2113 | D        | Killed a deep troll
  2119 | D        | Noticed Josephine
  2131 | D        | Killed Josephine
  2132 | D        | Reached skill level 15 in Shields
  2691 | D        | Noticed a merfolk javelineer
  2704 | D        | Killed a merfolk javelineer
  2705 | D        | Reached skill level 15 in Fighting
  2705 | D        | Reached XP level 12. HP: 78/119 MP: 10/20
  3226 | D        | Got the +8 tower shield "Qacsesh" {Harm rElec rC- Int+5}
  3481 | D        | Noticed a red draconian scorcher
  3481 | D        | Noticed a bone dragon
  3481 | D        | Noticed a hell beast
  3486 | D        | Killed a red draconian scorcher
  3495 | D        | Killed a hell beast
  3499 | D        | Killed a bone dragon
  3500 | D        | Reached XP level 13. HP: 21/132 MP: 11/22
  3919 | D        | Noticed an azure jelly
  3923 | D        | Killed an azure jelly
  3936 | D        | Noticed a dire elephant
  3946 | D        | Killed a dire elephant
  4021 | D        | Noticed a death cob
  4022 | D        | Noticed an orc warlord
  4022 | D        | Noticed an orc warlord
  4028 | D        | Killed a death cob
  4032 | D        | Killed an orc warlord
  4034 | D        | Killed an orc warlord
  4035 | D        | Reached skill level 15 in Invocations
  4348 | D        | Noticed a nagaraja
  4361 | D        | Killed a nagaraja
  4361 | D        | Killed a ghost moth
  4600 | D        | Noticed a nagaraja
  4611 | D        | Killed a nagaraja
  4612 | D        | Reached skill level 10 in Stealth
  4662 | D        | Found the +8 glaive of the Guard {elec, spectral, AC+5}
  4740 | D        | Got the +0 cloak "Rot Agun" {rCorr Dex-3 Stlth+}
  4868 | D        | Noticed a Brimstone Fiend
  4873 | D        | Killed a Brimstone Fiend
  4874 | D        | Reached XP level 14. HP: 144/144 MP: 25/25
  4876 | D        | Identified the +5 tower shield of Qyum {rF+}
  4876 | D        | Noticed a daeva
  4913 | D        | Killed a daeva
  5304 | D        | Noticed a Brimstone Fiend
  5312 | D        | Killed a Brimstone Fiend
  5432 | D        | Noticed a reaper
  5446 | D        | Killed a reaper
  5463 | D        | Noticed a shadow dragon
  5463 | D        | Noticed Bogur the pandemonium lord
  5463 | D        | Noticed a royal mummy
  5463 | D        | Noticed a ghoul
  5464 | D        | Killed a royal mummy
  5466 | D        | Killed a shadow dragon
  5467 | D        | Killed a ghoul
  5476 | D        | Killed Bogur the pandemonium lord
  5729 | D        | Noticed a titan
  5746 | D        | Killed a titan
  5966 | D        | Noticed a curse toe
  5980 | D        | Killed a curse toe
  5981 | D        | Reached skill level 1 in Evocations
  6303 | D        | Noticed a titan
  6312 | D        | Killed a titan
  6315 | D        | Noticed a royal mummy
  6328 | D        | Killed a royal mummy
  6778 | D        | Noticed a deep elf master archer
  6778 | D        | Noticed a fire giant
  6780 | D        | Noticed a green draconian monk
  6780 | D        | Killed a deep elf master archer
  6780 | D        | Noticed a green draconian monk
  6780 | D        | Noticed a lich
  6781 | D        | Noticed a yellow draconian annihilator
  6784 | D        | Killed a yellow draconian annihilator
  6784 | D        | Killed a green draconian monk
  6784 | D        | Killed a lich
  6786 | D        | Reached XP level 15. HP: 153/157 MP: 10/27
  6793 | D        | Killed a fire giant
  6797 | D        | Killed a green draconian monk
  6798 | D        | Reached skill level 27 in Shields
  6930 | D        | Noticed a storm dragon
  6946 | D        | Killed a storm dragon
  7338 | D        | Got the Incunabulum of Freezing Poison
  7340 | D        | Got the Papyrus of Ghastly Shape Shifting
  7385 | D        | Got the amulet "Lili" {Faith Will+++ Int-4}
  7387 | D        | Got the amulet "Myurpheu" {Faith Will+}
  7389 | D        | Got the ring of Omesib {Wiz MP+9 Int+2 Slay+2}
  7391 | D        | Got the ring "Afronas" {rF+ Str+3 Int+2 Dex+6}
  7393 | D        | Got the amulet "Uxuumo" {Faith rCorr}
  7395 | D        | Got the amulet "Mipest" {rN++ Will- Regen+ Dex+4 Stlth+}
  7397 | D        | Got the ring of Greed {+Blink Slay+5 SInv}
  7400 | D        | Got the amulet of Hoaneobb {RegenMP Fly rC- Regen+ Dex+3}
  7404 | D        | Got the amulet "Houmpyd" {Reflect rC+ SH+5}
  7406 | D        | Got the ring "Padoroa" {rPois Will+ Slay+5}
  7408 | D        | Got the ring "Huomm" {rN++ rCorr MP+9 Int+2 Dex-3}
  7411 | D        | Got the amulet "Ungiek" {Reflect Str+4 Int-3 Dex+4 SH+5}
  7414 | D        | Got the ring "Upnai" {rN+ Str+3}
  7416 | D        | Got the amulet of Makhleb's Supremacy {Regen+ Int+6}
  7429 | D        | Got the ring of the Establishment {rC++ Will+ Dex+6}
  7458 | D        | Got the ring of Udus {Will+ AC+6}
  7460 | D        | Got the ring of Linearity {Ice rCorr Str+3 Int+4}
  7462 | D        | Got the ring "Utwoadgh" {rElec rF+ rN+ Dex+4}
  7464 | D        | Got the ring of Wyon {Fire Str+5 Int+2}
  7467 | D        | Got the ring of the Furies {Ice rPois}
  7469 | D        | Got the ring "Purawe" {rF+ Slay+5}
  7471 | D        | Got the ring "Meoff" {rPois EV+6}
  7473 | D        | Got the ring "Appaq" {Wiz rC+}
  7475 | D        | Got the ring "Cewaikli" {rElec rC- EV+6 Str+3 Int+3}
  7477 | D        | Got the ring "Baiseuxi" {rF+ Dex+6 SInv}
  7480 | D        | Got the ring of Fiphoci {rElec rC+ EV+6}
  7482 | D        | Got the ring of Qewin {AC+6 Dex+2}
  7505 | D        | Got the ring "Opreg" {+Blink rElec AC+6 Stlth+}
  7599 | D        | Noticed a lich
  7604 | D        | Killed a lich
  7613 | D        | Noticed Werory the pandemonium lord
  7625 | D        | Killed Werory the pandemonium lord
  7746 | D        | Noticed a quicksilver dragon
  7759 | D        | Killed a quicksilver dragon
  7937 | D        | Noticed Guhau the pandemonium lord
  7937 | D        | Banished Guhau the pandemonium lord
  8041 | D        | Noticed a royal mummy
  8045 | D        | Noticed an emperor scorpion
  8045 | D        | Noticed an emperor scorpion
  8045 | D        | Noticed an emperor scorpion
  8055 | D        | Killed a royal mummy
  8495 | D        | Noticed a shadow dragon
  8504 | D        | Killed a shadow dragon
  8585 | D        | Noticed a deep elf blademaster
  8596 | D        | Killed a deep elf blademaster
  8630 | D        | Noticed a deep elf master archer
  8631 | D        | Killed a deep elf master archer
  8660 | D        | Noticed Gloorx Vloq
  8665 | D        | Noticed an Executioner
  8666 | D        | Noticed an Executioner
  8666 | D        | Noticed an Executioner
  8666 | D        | Noticed an Executioner
  8675 | D        | Noticed an Executioner
  8675 | D        | Noticed an Executioner
  8675 | D        | Noticed an Executioner
  8681 | D        | Killed Gloorx Vloq
  8686 | D        | Noticed an ancient lich
  8697 | D        | Killed an ancient lich
  8952 | D        | Noticed Frederick
  8963 | D        | Killed Frederick
  8984 | D        | Noticed Pamatiq the pandemonium lord
  9003 | D        | Killed Pamatiq the pandemonium lord
  9113 | D        | Noticed an orb of fire
  9118 | D        | Gained mutation: You are clumsy. (Dex -2) [an orb of fire]
  9158 | D        | Killed an orb of fire
  9159 | D        | Reached XP level 16. HP: 40/177 MP: 30/30
  9510 | D        | Noticed a shadow dragon
  9526 | D        | Killed a shadow dragon
  9566 | D        | Noticed Antaeus
  9566 | D        | Noticed a lich
  9568 | D        | Killed a lich
  9569 | D        | Noticed a royal mummy
  9580 | D        | Killed a royal mummy
  9604 | D        | HP: 10/267 [Antaeus/bolt of lightning (8)]
  9606 | D        | Killed Antaeus
 10042 | D        | Noticed Khufu
 10042 | D        | Noticed a royal mummy
 10046 | D        | Killed Khufu
 10047 | D        | Reached skill level 1 in Throwing
 10049 | D        | Killed a royal mummy
 10050 | D        | Reached skill level 27 in Axes
 10276 | D        | Noticed an ancient lich
 10287 | D        | Killed an ancient lich
 10323 | D        | Noticed an electric golem
 10333 | D        | Killed an electric golem
 10436 | D        | Noticed a Brimstone Fiend
 10437 | D        | Noticed Beoc the pandemonium lord
 10438 | D        | Noticed a shadow dragon
 10451 | D        | Killed Beoc the pandemonium lord
 10454 | D        | Killed a shadow dragon
 10455 | D        | Reached skill level 27 in Fighting
 10464 | D        | Killed a Brimstone Fiend
 10466 | D        | Noticed an Ice Fiend
 10473 | D        | Killed an Ice Fiend
 10749 | D        | Noticed a pearl dragon
 10758 | D        | Killed a pearl dragon
 10787 | D        | Noticed Dosemame the pandemonium lord
 10788 | D        | Noticed an orb of fire
 10789 | D        | Killed Dosemame the pandemonium lord
 10790 | D        | Reached skill level 27 in Invocations
 10791 | D        | Gained mutation: Your magical capacity is low. (-10% MP)
                  | [an orb of fire]
 10797 | D        | Killed an orb of fire
 11078 | D        | Noticed Geryon
 11078 | D        | Noticed a Tzitzimitl
 11079 | D        | Killed a Tzitzimitl
 11080 | D        | Reached skill level 5 in Throwing
 11080 | D        | Reached skill level 27 in Armour
 11080 | D        | Reached skill level 5 in Evocations
 11080 | D        | Reached XP level 17. HP: 191/191 MP: 21/30
 11088 | D        | Killed Geryon
 11097 | D        | Found the +9 sword of Zonguldrok {reap}
 11106 | D        | Got the amulet of Springtime {Faith Will+}
 11108 | D        | Got an iron rune of Zot
 11110 | D        | Got the ring of Arrival {Fly rElec Str+9 Int+2 Dex-4}
 11112 | D        | Got the amulet of the Slug {RegenMP Rampage Fragile rN+
                  | Int+9}
 11116 | D        | Got the ring of Deastuet {rPois Str+6 Int+3 Dex+2}
 11121 | D        | Got the ring "Racethra" {rCorr MP+9 Dex+4}
 11129 | D        | Got the +2 hat "Etais" {rElec rN+ Will+ Int+3}
 11366 | D        | Noticed a deep elf blademaster
 11377 | D        | Reached skill level 10 in Dodging
 11378 | D        | Killed a deep elf blademaster
 11380 | D        | Reached skill level 15 in Dodging
 11380 | D        | Noticed a profane servitor
 11382 | D        | Noticed a Brimstone Fiend
 11384 | D        | Killed a Brimstone Fiend
 11386 | D        | Killed a profane servitor
 11386 | D        | Noticed a curse toe
 11392 | D        | Killed a curse toe
 11755 | D        | Got the +10 gold dragon scales of Untold Secrets {-Tele
                  | rPois rF+ rC+ Will+++ Str+4 Dex+4}
 11767 | D        | Got the amulet "Ylixas" {Reflect rF+ rN++ Int+3 SH+5}
 11769 | D        | Got the ring of Makhleb's Envy {rElec Dex+6 Slay+2 SInv}
 11771 | D        | Got the ring "Afikhluilu" {Wiz rN+ Str+5}
 11773 | D        | Got the ring "Naizett" {Fly rF+ rCorr Str-5}
 11785 | D        | Got the ring of Ipsox {rF- rC+ Slay+6}
 11787 | D        | Got the ring "Yhatev" {rElec rN+ Int+6}
 11789 | D        | Got the ring "Named" {rElec rF+ rCorr Str-3 Int+5}
 11791 | D        | Got the amulet "Xuliano" {RegenMP rCorr Dex+3}
 11822 | D        | Noticed a Killer Klown
 11823 | D        | Noticed a royal mummy
 11824 | D        | Noticed Mara
 11825 | D        | Noticed a hellephant
 11826 | D        | Noticed mhtbhm's illusion
 11826 | D        | Noticed Jucoesh the pandemonium lord
 11826 | D        | Paralysed by a floating eye for 3 turns
 11830 | D        | Noticed a Tzitzimitl
 11831 | D        | Killed a hellephant
 11834 | D        | Noticed a quicksilver dragon
 11837 | D        | Killed a royal mummy
 11843 | D        | Killed a Killer Klown
 11844 | D        | Reached skill level 10 in Throwing
 11844 | D        | Killed Jucoesh the pandemonium lord
 11850 | D        | Killed a quicksilver dragon
 11850 | D        | Killed a Tzitzimitl
 11854 | D        | Killed Mara
 11854 | D        | Noticed a lich
 11855 | D        | Noticed a pearl dragon
 11856 | D        | Killed a lich
 11856 | D        | Killed a pearl dragon
 11955 | D        | Noticed the 27-headed Lernaean hydra
 11958 | D        | Killed the 27-headed Lernaean hydra
 12403 | D        | Reached skill level 27 in Dodging
 12403 | D        | Reached XP level 18. HP: 91/200 MP: 22/30
 12413 | D        | Killed a pearl dragon
 12416 | D        | Reached skill level 15 in Throwing
 12427 | D        | HP: 4/200 [daeva/divine providence (12)]
 12428 | D        | HP: 1/200 [daeva/divine providence (12)]
 12431 | D        | Killed from afar by a daeva

Illustrated notes

Levels and vault maps discovered:
D:        pitsprint [storerooms_1, entrance_room_1, metal_vault_8, armoury_2,
          mini_pit_1, grid_room_1, main_hall_1, silver_pit, the_coven_1,
          the_vestibule_1, steel_vault_1, golden_pit, hallway_of_sentries,
          crystal_vault_5, iron_vault_2, final_vault]

Skill      XL: |  1  2  3  4  5  6  7  8  9 10 11 12 13 14 15 16 17 18 |
---------------+-------------------------------------------------------+-----
Fighting       | 4 5 6 7 8 9 10 11 12 15 17 18 20 24 27 | 27.0
Armour         | 4 5 6 7 8 10 11 13 14 15 17 18 20 22 27 | 27.0
Shields        | 4 5 6 7 9 11 12 14 16 19 22 26 27 | 27.0
Axes           | 3 5 6 7 10 11 12 13 15 17 19 20 21 25 27 | 27.0
Dodging        | 1 2 3 4 5 6 8 27 | 27.0
Invocations    | 2 5 7 9 12 14 16 19 22 27 | 27.0
Stealth        | 2 6 7 10 | 10.1
Evocations     | 2 3 5 17 23 | 23.4
Throwing       | 5 13 16 | 16.1

Action                   |  1- 3 |  4- 6 |  7- 9 | 10-12 | 13-15 | 16-18 || total
-------------------------+-------+-------+-------+-------+-------+-------++-------
Melee: War axe           |     8 |       |    16 |   239 |   437 |    79 ||   779
       Hand axe          |    23 |    63 |    23 |       |       |       ||   109
       Headbutt          |     3 |    11 |     6 |    60 |   103 |    59 ||   242
       Broad axe         |       |       |       |       |       |   100 ||   100
Throw: Javelin           |       |       |       |       |     1 |     1 ||     2
       Dart              |       |       |       |       |       |     2 ||     2
Invok: Disaster Area     |       |       |     1 |     4 |     8 |    19 ||    32
       Upheaval          |       |       |       |     1 |       |     2 ||     3
       Elemental Force   |       |       |       |       |     2 |       ||     2
Evoke: Tin of tremorston |       |       |       |       |     2 |     1 ||     3
       Phantom mirror    |       |       |       |       |     4 |     2 ||     6
       Horn of Geryon    |       |       |       |       |       |     3 ||     3
  Use: Potion            |     1 |     2 |     9 |     7 |    10 |    15 ||    44
       Scroll            |       |       |     1 |       |       |     1 ||     2
 Stab: Invisible         |       |       |     6 |     4 |     8 |       ||    18
       Distracted        |       |       |       |       |     3 |     2 ||     5
Armor: Scale mail        |    15 |     1 |       |       |       |       ||    16
       Chain mail        |       |    26 |    45 |    78 |    16 |       ||   165
       Gold dragon scale |       |       |       |       |    83 |    50 ||   133
Dodge: Dodged            |    23 |     8 |    48 |    69 |    39 |    27 ||   214
       Repelled          |       |       |     3 |     3 |     4 |     2 ||    12
Block: Buckler           |     8 |    23 |    46 |   134 |       |       ||   211
       Tower shield      |       |       |       |    58 |   505 |   215 ||   778
       Reflection        |       |       |       |       |    26 |     7 ||    33

Table legend: (Time is in decaauts) A = Elapsed time spent in this place. B = Non-inter-level travel time spent in this place. C = Inter-level travel time spent in this place. D = Time resting spent in this place. E = Time spent auto-exploring this place. F = Levels seen in this place. G = Mean time per level. A B C D E F G +--------+--------+--------+--------+--------+-----+--------+ Total | 12243 | 12243 | 0 | 8566 | 210 | 1 | 12243.0 | Dungeon | 12243 | 12243 | 0 | 8566 | 210 | 1 | 12243.0 | +--------+--------+--------+--------+--------+-----+--------+

Top non-repeatable levels by time:
       D: 12243 daAuts
